 Dungeon Crawl Stone Soup version 0.17-a0-1850-g688e747 (webtiles) character file.

70 wvc the Cudgeler (level 4, -4/35 HPs)
             Began as a Mummy Chaos Knight on Sept 19, 2015.
             Slain by a gnoll
             ... wielding a +2 spear of chaos
              (7 damage)
             ... while paralysed by a gnoll
             ... on level 2 of the Dungeon.
             The game lasted 00:02:38 (1412 turns).

wvc the Cudgeler (Mummy Chaos Knight)               Turns: 1412, Time: 00:02:38

Health: -4/35      AC:  6    Str: 15    XL:     4   Next: 3%
Magic:  4/4        EV:  2    Int: 11    God:    Xom [....*.]
Gold:   130        SH:  0    Dex: 12    Spells: 0 memorised, 3 levels left

rFire  x . .     SeeInvis .     a - +0 mace (chaos)
rCold  + . .     Clarity  .     b - +2 leather armour
rNeg   + + +     SustAt   .     (no shield)
rPois  ∞         Gourm    .     d - +0 helmet
rElec  .         Spirit   .     (no cloak)
rCorr  .         Warding  .     (no gloves)
rMut   .         Stasis   .     (no boots)
MR     .....                    (no amulet)
Stlth  +.........               (no ring)
                                (no ring)

@: paralysed, not resistant to hostile enchantments, very unstealthy
A: no food or potions, fire vulnerability, cold resistance 1, negative energy
resistance 3, torment resistance, unbreathing
a: Renounce Religion


You were on level 2 of the Dungeon.
You worshipped Xom.
You were a beloved toy of Xom.
You were not hungry.

You visited 1 branch of the dungeon, and saw 2 of its levels.

You collected 130 gold pieces.

Inventory:

Hand weapons
 a - a +0 mace of chaos (weapon)
Armour
 b - a +2 leather armour (worn)
 d - a +0 helmet (worn)
Scrolls
 c - a scroll of remove curse {unknown}
 e - a scroll of amnesia {unknown}


   Skills:
 - Level 3.0 Fighting
 * Level 4.0 Maces & Flails
 - Level 1.5 Armour
 - Level 0.7 Dodging


You had 3 spell levels left.
You didn't know any spells.

Dungeon Overview and Level Annotations

Branches:
Dungeon (2/15)

Altars:
Cheibriados


Innate Abilities, Weirdness & Mutations

You do not eat or drink.
Your flesh is vulnerable to fire.
You are immune to poison.
Your flesh is cold resistant.
You are immune to negative energy.
You are immune to unholy pain and torment.
You can survive without breathing.


Message History

You hit the gnoll.
The gnoll is severely wounded.
The gnoll hits you but does no damage. x2
You hit the gnoll.
You kill the gnoll!
Your Maces & Flails skill increases to level 4!
You have reached level 4! "Have a taste of chaos, mortal."
The gnoll's spear is briefly surrounded by a scintillating aura of random colours.
The gnoll misses you. The gnoll barely misses you.
You see here a club.
You closely miss the gnoll.
The gnoll is moderately wounded.
The gnoll hits you with a spear of chaos.
* * * LOW HITPOINT WARNING * * *
You suddenly lose the ability to move!
The gnoll hits you with a spear of chaos!
You die...
Xom bursts into laughter!

..........%..........)...... ..
##...........##################
#...........#...............†.
#...........#.####.####.####†#
#...........#.# ⌠#†#..'.'.!#.#
#...........#.#..#.#..#.#..#.#
#...........#.#'##.#'##.#+##.#
#...........#.g...............
#...#####'#.#@#+##.#'##.#+##.#
#.... #.#.#.#..#.#..#.#.†#.#
#....# #.#.#.#..'.+.%#.#..'.+
#....# #.#.#.####.####.####.#
#....# #.#.#(.....†..........
#.#.#.################
#.#......##.......#
#.######)##.#####.# #.# #..#.#
#.#


You could see a gnoll.

Vanquished Creatures
  2 gnolls (D:2)
  An ooze (D:1)
  A giant gecko (D:2)
  2 ball pythons (D:2)
  6 goblins
  6 hobgoblins
  6 kobolds
  4 bats
  4 giant newts
  7 jackals
  3 rats
42 creatures vanquished.

Notes
Turn   | Place    | Note
--------------------------------------------------------------
     0 | D:1      | wvc the Mummy Chaos Knight began the quest for the Orb.
     0 | D:1      | Reached XP level 1. HP: 18/18 MP: 1/1
   144 | D:1      | Reached XP level 2. HP: 20/24 MP: 2/2
   246 | D:1      | XOM: divination: magic mapping
   365 | D:1      | XOM: harmless Chrm miscast
   677 | D:1      | XOM: divination: detect creatures
   792 | D:2      | XOM: harmless Conj miscast
   793 | D:2      | Reached XP level 3. HP: 29/29 MP: 3/3
   880 | D:2      | XOM: potion effect (agility)
   905 | D:2      | XOM: severe Erth miscast
  1252 | D:2      | XOM: harmless Tloc miscast
  1273 | D:2      | Found a snail-covered altar of Cheibriados.
  1291 | D:2      | XOM: 2-stop teleportation journey
  1409 | D:2      | Reached skill level 4 in Maces & Flails
  1409 | D:2      | Reached XP level 4. HP: 8/35 MP: 4/4
  1409 | D:2      | XOM: chaos upgrade
  1411 | D:2      | Paralysed by a gnoll for 5 turns
  1412 | D:2      | Slain by a gnoll

Vault maps used:
D:1:      scummos_arrival_checkerplants, minivault_4
D:2:      minmay_door_path, nicolae_overflow_crystal_walls, first_bread

Action                   |  1- 3 |  4- 6 || total
-------------------------+-------+-------++-------
Melee: Mace              |   135 |     1 ||   136
